 Dungeon Crawl Stone Soup version 0.31-a0-986-g5e6e4ef867 (webtiles) character file.

Game seed: 7972336947685415870

6720 wildpjah the Grappler (level 10, -1/93 HPs)
             Began as a Troll Shapeshifter on Nov 24, 2023.
             Was a Believer of Lugonu.
             Hit by a javelin thrown by a centaur (10 damage)
             ... in a bailey on Nov 25, 2023.
             The game lasted 00:31:06 (7677 turns).

wildpjah the Grappler (Troll Shapeshifter)          Turns: 7677, Time: 00:31:07

Health: -1/93      AC:  6    Str: 31    XL:     10   Next: 74%
Magic:  9/9        EV: 10    Int: 12    God:    Lugonu [**....]
Gold:   491        SH:  5    Dex:  6    Spells: 9/9 levels left

rFire   + .          .
                       - Unarmed
rCold   + . .        H - orb of the Valley of Death {light, Harm rF+}
rNeg    + + .        P - +2 robe
rPois   +            (helmet currently unavailable)
rElec   .            (cloak currently unavailable)
rCorr   +            (gloves unavailable)
SInv    .            (boots unavailable)
Will    .....        a - amulet of Keissie {Reflect Harm rN+ rCorr SH+5}
Stlth   +            o - ring of positive energy
HPRegen 1.15/turn    r - ring "Baipt" {rPois rC+ Str+5 Int+6 Dex-5}
MPRegen 0.11/turn

%: harm (+45% outgoing, +30% incoming), reflection
@: beast-form, glowing
A: beast (slay +2), large, unfitting armour, claws 3, regeneration 1, shaggy fur
1, tough skin 1
a: Begin Untransformation, Renounce Religion, Depart the Abyss, Banish


You were in a bailey.
You worshipped Lugonu.
Lugonu was pleased with you.
You were a hulking beast.
You visited 2 branches of the dungeon, and saw 11 of its levels.
You visited the Abyss 1 time.
You also visited: Bailey.

You collected 491 gold pieces.

Inventory:

Missiles
 F - 29 poisoned darts (quivered)
 J - 2 throwing nets
Armour
 g - a +0 cloak
 H - the orb of the Valley of Death (worn) {light, Harm rF+}
   (You found it on level 6 of the Dungeon)

   rF+:       It protects you from fire.
   Harm:      It increases damage dealt and taken.
 P - a +2 robe (worn)
Jewellery
 a - the amulet of Keissie (around neck) {Reflect Harm rN+ rCorr SH+5}
   (You acquired it on level 10 of the Dungeon)

   [amulet of reflection]

   Reflect:   It reflects blocked missile attacks.
   rN+:       It protects you from negative energy.
   rCorr:     It protects you from acid and corrosion.
   SH+5:      It affects your SH (+5).
   Harm:      It increases damage dealt and taken.
 o - a ring of positive energy (left claw)
 r - the ring "Baipt" (right claw) {rPois rC+ Str+5 Int+6 Dex-5}
   (You found it on level 3 of the Dungeon)

   [ring of intelligence]

   Str+5:     It affects your strength (+5).
   Int+6:     It affects your intelligence (+6).
   Dex-5:     It affects your dexterity (-5).
   rC+:       It protects you from cold.
   rPois:     It protects you from poison
 C - an amulet of faith
Talismans
 c - a beast talisman (active)
 d - a flux talisman
 N - a blade talisman
 O - a maw talisman
Wands
 m - a wand of light (4)
 p - a wand of paralysis (11)
 B - a wand of mindburst (17)
 D - a wand of flame (14)
 M - a wand of polymorph (10)
Scrolls
 h - 6 scrolls of noise
 l - 2 scrolls of vulnerability
 q - a scroll of torment
 t - 2 scrolls of immolation
 u - 2 scrolls of teleportation
 v - a scroll of poison
 y - 3 scrolls of amnesia
Potions
 b - 2 potions of lignification
 i - a potion of magic {unknown}
 k - a potion of enlightenment {unknown}
 n - 2 potions of brilliance {unknown}
 s - a potion of ambrosia {unknown}
 w - 3 potions of degeneration {unknown}
 x - 3 potions of cancellation
 z - 2 potions of haste {unknown}
 A - 2 potions of curing {unknown}
 E - a potion of mutation {unknown}
 G - a potion of might {unknown}
 L - a potion of heal wounds


   Skills:
 * Level 4.3 Fighting
 + Level 5.9 Dodging
 + Level 1.4 Stealth
 * Level 12.7 Unarmed Combat
 * Level 1.0 Invocations
 + Level 2.2 Evocations
 + Level 5.2 Shapeshifting


You had 9 spell levels left.
You didn't know any spells.
Your spell library contained the following spells:

 Spells                   Type           Power      Damage    Failure   Level
 Shock                    Conj/Air       0%         1d3       32%         1
 Ensorcelled Hibernation  Hex/Ice        0%         N/A       45%         2
 Jinxbite                 Hex            0%         N/A       45%         2
 Dazzling Flash           Conj/Hex       0%         N/A       69%         3
 Hailstorm                Conj/Ice       0%         3d3       69%         3
 Swiftness                Air            0%         N/A       69%         3
 Volatile Blastmotes      Fire/Tloc      0%         2d10      69%         3
 Airstrike                Air            0%         2d(0-16)  97%         4
 Anguish                  Hex/Necr       0%         N/A       97%         4
 Summon Ice Beast         Ice/Summ       0%         N/A       97%         4
 Simulacrum               Ice/Necr       0%         N/A       100%        6
 Starburst                Conj/Fire      0%         6d3       100%        6
 Maxwell's Capacitive Co  Air            0%         ∞         100%        8


Dungeon Overview and Level Annotations

Branches:
Dungeon (10/15)            Temple (0/1) D:5            Lair (1/5) D:8
 Bailey (1/1)
    Orc: D:9-12

Altars:
Dithmenos
Fedhas
Hepliaklqana
Makhleb
Nemelex Xobeh
Sif Muna
Trog
Uskayaw

Shops:
D:6 *?(

Portals:
Abyss: D:5

Annotations:
D:5 1 transporter, XomNomNom's ghost, weakling TrDe


Innate Abilities, Weirdness & Mutations

You are a hulking beast.
Your limbs bulge with bestial killing power. (Slay +2)
You are too large for most types of armour.
You have claws for hands.
Your natural rate of healing is unusually fast.
You are covered in fur. (AC +1)
You have tough skin. (AC +1)


Message History

Lugonu accepts your kill.
You can now banish your foes.
The centaur hits you from afar with a +0 spear.
The centaur throws a javelin.
The javelin closely misses you. The centaur hits you with a +0 spear.
You block the centaur's attack. You block the orc's attack.
The centaur hits you with a +0 spear.
* * * LOW HITPOINT WARNING * * *
The centaur kicks you but does no damage.
Things that are here:
a +0 spear; a +0 ring mail; an orc corpse You mangle the centaur!!
You kill the centaur!
Lugonu accepts your kill.
The orc hits you from afar with a +6 trident!
* * * LOW HITPOINT WARNING * * *
Your Invocations skill increases to level 1!
The centaur throws a javelin.
The javelin completely misses you. The orc hits you but does no damage.
Items here: ( ) [ †.
The centaur throws a javelin.
The javelin pierces through you!
* * * LOW HITPOINT WARNING * * *
The centaur throws a javelin.
The javelin pierces through you.
* * * LOW HITPOINT WARNING * * *
Okay, then.
It was a potion of cancellation.
You feel magically purged.
Okay, then.
It was a potion of heal wounds.
You feel much better.
The orc hits you from afar with a +6 trident!
* * * LOW HITPOINT WARNING * * *
The orc attacks as it pursues you!
The orc hits you from afar with a +6 trident.
* * * LOW HITPOINT WARNING * * *
The centaur throws a javelin.
The javelin misses you.
The centaur throws a javelin.
The javelin pierces through you.
* * * LOW HITPOINT WARNING * * *
The orc attacks as it pursues you! The orc barely misses you.
The orc attacks as it pursues you!
The orc hits you from afar with a +6 trident!
* * * LOW HITPOINT WARNING * * *
The centaur throws a javelin.
The javelin pierces through you!
You die...

####+##########
#≈......o.c..o#####
#≈...≈≈≈≈≈≈≈≈≈....##
##≈..≈≈h......≈≈≈.⌠.#
##≈≈....≈≈≈≈≈≈≈..≈≈..#
##≈≈...≈≈≈.....≈≈≈.≈≈.#
#≈≈⌠..≈≈..≈≈≈≈≈))≈≈)≈.##
#≈≈$.≈≈.≈≈≈...≈≈≈)≈)≈≈.#
#≈$..≈.≈≈..⌠.⌠..≈.≈≈.≈.#
#≈...≈.....∩∩∩..≈..).≈.#
#≈$..≈.≈≈..⌠.⌠..≈.≈≈.≈.#
#≈≈$.≈≈.≈≈≈...≈≈≈.≈.≈≈.#


You could see a centaur and 2 orcs.

Vanquished Creatures
  Erolcha (D:9)
  Pikel (D:4)
  A cane toad (Lair:1)
  A gargoyle (D:10)
  A komodo dragon (Lair:1)
  A troll (D:10)
  2 vampires
  A wyvern (D:9)
  5 humans
  A steam dragon (D:9)
  Duvessa (D:7)
  A water moccasin (Lair:1)
  2 orc warriors
  A sky beast (D:8)
  A black bear (D:6)
  2 ogres
  5 centaurs
  3 kobold brigands
  4 bullfrogs
  A scorpion (D:7)
  2 gnoll sergeants
  Dowan (D:7)
  6 killer bees (D:9)
  A howler monkey (D:8)
  2 gnoll boudas
  4 jellies
  Crazy Yiuf (D:7)
  3 orc priests
  3 hounds
  3 sleepcaps
  2 iguanas
  Natasha (thrice) (D:3)
  5 orc wizards
  Ijyb (D:3)
  17 gnolls
  6 adders
  2 shadow imps (D:7)
  A white imp (D:7)
  4 ufetubi
  2 worms (D:3)
  2 dart slugs
  38 orcs
  8 endoplasms
  4 giant cockroaches
  6 goblins
  8 hobgoblins
  6 jackals
  17 kobolds
  2 quokkas
  10 ball pythons
  12 bats
  5 frilled lizards
  7 rats
230 creatures vanquished.

Vanquished Creatures (others)
  An orc (Bailey)
1 creature vanquished.

Grand Total: 231 creatures vanquished

Notes
Turn   | Place    | Note
-------+----------+-------------------------------------------
     0 | D:1      | wildpjah the Troll Shapeshifter began the quest for the
                  | Orb.
     0 | D:1      | Reached XP level 1. HP: 18/18 MP: 0/0
    88 | D:1      | Reached XP level 2. HP: 26/26 MP: 1/1
   137 | D:1      | Found a faded altar of an unknown god.
   255 | D:1      | Reached skill level 1 in Fighting
   300 | D:1      | Reached XP level 3. HP: 32/33 MP: 2/2
   955 | D:2      | Reached skill level 4 in Unarmed Combat
   955 | D:2      | Reached XP level 4. HP: 41/41 MP: 3/3
  1300 | D:3      | Found a hide-covered altar of Uskayaw.
  1309 | D:3      | Noticed Ijyb
  1366 | D:3      | Noticed Natasha
  1373 | D:3      | Killed Natasha
  1374 | D:3      | Reached XP level 5. HP: 42/48 MP: 4/4
  1405 | D:3      | Killed Ijyb
  1502 | D:3      | Noticed Natasha
  1507 | D:3      | Killed Natasha
  1581 | D:3      | Identified the ring "Baipt" {rPois rC+ Str+5 Int+6 Dex-5}
  1595 | D:3      | Reached skill level 5 in Unarmed Combat
  1729 | D:3      | Noticed Natasha
  1734 | D:3      | Killed Natasha
  1974 | D:4      | Noticed Pikel
  1974 | D:4      | Noticed a lemure
  1979 | D:4      | Noticed a lemure
  1981 | D:4      | Noticed a lemure
  1982 | D:4      | Noticed a lemure
  1996 | D:4      | Killed Pikel
  1997 | D:4      | Reached skill level 6 in Unarmed Combat
  1997 | D:4      | Reached XP level 6. HP: 14/57 MP: 5/5
  1997 | D:4      | Reached XP level 7. HP: 16/65 MP: 6/6
  2049 | D:4      | Reached skill level 7 in Unarmed Combat
  2121 | D:4      | Found a shimmering blue altar of Sif Muna.
  2199 | D:4      | Found a blossoming altar of Fedhas.
  2503 | D:5      | Entered Level 5 of the Dungeon
  2604 | D:5      | Found a shadowy altar of Dithmenos.
  2721 | D:5      | Found a staircase to the Ecumenical Temple.
  2793 | D:5      | Noticed an ancient zyme
  2795 | D:5      | Noticed XomNomNom's ghost (weakling TrDe)
  2795 | D:5      | Found a one-way gate to the infinite horrors of the Abyss.
  2804 | D:5      | Noticed a small abomination
  2850 | D:5      | Reached XP level 8. HP: 48/74 MP: 7/7
  2861 | D:5      | Found a transporter.
  3059 | D:5      | Reached skill level 8 in Unarmed Combat
  3224 | D:6      | Identified the orb of the Valley of Death {light, Harm rF+}
  3255 | D:6      | Found Posh's Magic Scroll Boutique.
  3320 | D:6      | Found Viothuis's Antique Weapon Shoppe.
  3354 | D:6      | Found a sparkling altar of Nemelex Xobeh.
  3696 | D:6      | Found a burning altar of Makhleb.
  3812 | D:6      | Found Hoapib's General Store.
  3860 | D:6      | Reached skill level 9 in Unarmed Combat
  4120 | D:6      | Reached XP level 9. HP: 8/83 MP: 8/8
  4250 | D:7      | Reached skill level 10 in Unarmed Combat
  4314 | D:7      | Found a runed translucent door.
  4315 | D:7      | Noticed Crazy Yiuf
  4322 | D:7      | Paralysed by Crazy Yiuf for 4 turns
  4327 | D:7      | Killed Crazy Yiuf
  4418 | D:7      | Reached skill level 1 in Stealth
  4421 | D:7      | Noticed Duvessa
  4426 | D:7      | Killed Duvessa
  4428 | D:7      | Noticed Dowan
  4437 | D:7      | Killed Dowan
  5228 | D:8      | Reached skill level 5 in Dodging
  5453 | D:8      | Found a bloodstained altar of Trog.
  5522 | D:8      | Reached skill level 1 in Evocations
  5727 | D:8      | Found a staircase to the Lair.
  6224 | D:9      | Reached skill level 11 in Unarmed Combat
  6241 | D:9      | Noticed Erolcha
  6242 | Abyss:2  | Cast into level 2 of the Abyss (Erolcha)
  6312 | Abyss:2  | Noticed a wretched star
  6326 | Abyss:2  | Found a corrupted altar of Lugonu.
  6334 | Abyss:2  | Became a worshipper of Lugonu the Unformed
  6334 | Abyss:2  | Reached * piety under Lugonu
  6334 | Abyss:2  | Reached ** piety under Lugonu
  6335 | D:9      | Escaped the Abyss
  6347 | D:9      | Killed Erolcha
  6348 | D:9      | Reached XP level 10. HP: 37/73 MP: 9/9
  6496 | D:9      | Reached skill level 5 in Shapeshifting
  7045 | D:9      | Found a hazy altar of Hepliaklqana.
  7046 | D:9      | Found a faded altar of an unknown god.
  7256 | Lair:1   | Entered Level 1 of the Lair of Beasts
  7267 | Lair:1   | Noticed a cane toad
  7276 | Lair:1   | Killed a cane toad
  7277 | Lair:1   | Reached skill level 12 in Unarmed Combat
  7433 | D:10     | Entered Level 10 of the Dungeon
  7436 | D:10     | Identified a scroll of acquirement
  7457 | D:10     | Acquired the amulet of Keissie {Reflect Harm rN+ rCorr
                  | SH+5}
  7476 | D:10     | Identified the +6 falchion of Deflation {spect, Str+4}
  7497 | D:10     | Noticed a gargoyle
  7507 | D:10     | Killed a gargoyle
  7515 | D:10     | Noticed a gargoyle
  7520 | D:10     | HP: 2/93 [gargoyle/stone arrow (33)]
  7550 | D:10     | Found a flagged portal.
  7633 | Bailey   | Entered a bailey
  7665 | Bailey   | Reached skill level 1 in Invocations
  7677 | Bailey   | Hit by a javelin thrown by a centaur

Illustrated notes

Levels and vault maps discovered:
D:1:      kennysheep_arrival_forest, layout_rooms,
          shapermc_ecumenical_altar_ellora, chequers_serial_rivers_micro_d,
          minmay_box_of_dots
D:2:      layout_basic
D:3:      layout_loops_ring, lemuel_crystal_altar, kennysheep_boxes,
          uniq_natasha, uniq_ijyb
D:4:      layout_cave_pools, mainiacjoe_overflow_catwalk,
          mainiacjoe_overflow_small_starburst, uniq_pikel
D:5:      layout_rooms, old_standard_altar, minmay_temple_entry_tees,
          gammafunk_ghost_abyssal_escape
D:6:      layout_loops_corners, nicolae_overflow_crystal_walls,
          nemelex_dance_club_becter, serial_shops, nicolae_shop_statue_plus,
          shop, shop
D:7:      layout_gridville, eino_tiny_chamber, minmay_ruffians, uniq_duvessa,
          uniq_crazy_yiuf_cottage
D:8:      layout_basic, old_standard_altar
D:9:      layout_basic, beargit_hepliaklqana_dungeon_heroes, uniq_erolcha
D:10:     layout_roguey, hiddenorc2_lemuel, lightli_bailey_entry_fortress
Lair:1:   layout_cave_shapes, grunt_megastairs_5
Bailey:   bailey_polearm_flooded_kennysheep, bailey

Skill      XL: |  1  2  3  4  5  6  7  8  9 10 |
---------------+-------------------------------+-----
Fighting       | 1 2 3 4 |  4.3
Dodging        | 2 3 4 5 |  5.9
Unarmed Combat | 4 6 7 9 11 12 | 12.7
Shapeshifting  | 4 5 |  5.2
Stealth        | 1 |  1.4
Evocations     | 1 2 |  2.2
Invocations    | 1 |  1.0

Action                     |  1- 3 |  4- 6 |  7- 9 | 10-12 || total
---------------------------+-------+-------+-------+-------++-------
  Melee: Unarmed           |   103 |   104 |   275 |    88 ||   570
         Punch             |     2 |       |     5 |       ||     7
 Invoke: Depart the Abyss  |       |       |     1 |       ||     1
Ability: Begin Untransform |       |       |       |     1 ||     1
    Use: Potion            |       |       |     1 |     2 ||     3
         Scroll            |       |       |       |    14 ||    14
   Stab: Sleeping          |     2 |       |     1 |       ||     3
         Confused          |       |       |       |     1 ||     1
 Armour: Animal skin       |    79 |    57 |   236 |    22 ||   394
         Skin              |       |       |     4 |     1 ||     5
         Robe              |       |       |       |    48 ||    48
  Dodge: Dodged            |    63 |    43 |   162 |    40 ||   308
  Block: Orb               |       |       |       |    14 ||    14
         Reflection        |       |       |       |     2 ||     2
   Form: Flux              |       |       |     1 |     1 ||     2
         Beast             |       |       |     1 |     1 ||     2

Table legend: (Time is in decaauts)
 A = Elapsed time spent in this place.
 B = Non-inter-level travel time spent in this place.
 C = Inter-level travel time spent in this place.
 D = Time resting spent in this place.
 E = Time spent auto-exploring this place.
 F = Levels seen in this place.
 G = Mean time per level.
                   A        B        C        D        E       F      G
               +--------+--------+--------+--------+--------+-----+--------+
         Total |   7613 |   6967 |    646 |     30 |   5408 |  13 |  585.6 |
       Dungeon |   7446 |   6800 |    646 |     30 |   5379 |  10 |  744.6 |
          Lair |     32 |     32 |      0 |      0 |      9 |   1 |   32.0 |
         Abyss |     92 |     92 |      0 |      0 |     20 |   1 |   92.0 |
        Bailey |     42 |     42 |      0 |      0 |      0 |   1 |   42.0 |
               +--------+--------+--------+--------+--------+-----+--------+

Top non-repeatable levels by time:
     D:6: 1208 daAuts
     D:8: 1075 daAuts
     D:9: 936 daAuts
     D:7: 911 daAuts
     D:3: 759 daAuts
     D:5: 638 daAuts
     D:1: 619 daAuts
     D:4: 556 daAuts
     D:2: 547 daAuts
    D:10: 192 daAuts
 Abyss:2: 92 daAuts
  Bailey: 42 daAuts
  Lair:1: 32 daAuts
